 Dungeon Crawl Stone Soup version 0.20-a0-1073-g49e0d3e (webtiles) character file.

437 Rrauwl the Skirmisher (level 7, -1/61 HPs)
             Began as a Ghoul Fighter on Apr 29, 2017.
             Slain by Duvessa
             ... wielding a +1 short sword of electrocution
              (20 damage)
             ... on level 4 of the Dungeon.
             The game lasted 00:07:43 (1692 turns).

Rrauwl the Skirmisher (Ghoul Fighter)               Turns: 1692, Time: 00:07:44

Health: -1/61      AC:  9    Str: 20    XL:     7   Next: 1%
Magic:  6/6        EV:  6    Int:  4    God:
Gold:   219        SH:  9    Dex:  9    Spells: 6/6 levels left

rFire    . . .     SeeInvis +   a - +0 flail
rCold    + . .     Gourm    .   c - +0 shield
rNeg     + + +     Faith    .   p - +0 chain mail
rPois    ∞         Spirit   .   (no helmet)
rElec    .         Reflect  .   (no cloak)
rCorr    .         Harm     .   (no gloves)
MR       .....                  (no boots)
Stlth    ..........             (no amulet)
Regen    0.0/turn               g - ring of see invisible
MPRegen  0.1/turn               (no ring)

@: rotting
A: rotting body, claws 1, carnivore 3, cold resistance 1, negative energy
resistance 3, inhibited regeneration, torment resistance, unbreathing
a: no special abilities


You were on level 4 of the Dungeon.
You were not hungry.

You visited 1 branch of the dungeon, and saw 4 of its levels.

You collected 219 gold pieces.

Inventory:

Hand Weapons
 a - a +0 flail (weapon)
Armour
 c - a +0 shield (worn)
 p - a +0 chain mail (worn)
Jewellery
 g - a ring of see invisible (left claw)
Scrolls
 b - a scroll of enchant weapon {unknown}
 e - a scroll of enchant armour {unknown}
 j - 2 scrolls of fear {unknown}
 l - a scroll of random uselessness {unknown}
 n - 2 scrolls of recharging {unknown}
 o - 2 scrolls of identify {unknown}
 q - a scroll of remove curse {unknown}
 r - a scroll of blinking {unknown}
 s - a scroll of teleportation {unknown}
Potions
 i - 3 potions of lignification
Comestibles
 f - 4 meat rations
 k - a royal jelly


   Skills:
 + Level 5.3 Fighting
 + Level 3.8 Maces & Flails
 - Level 3.0 Armour
 - Level 3.1 Dodging
 - Level 3.1 Shields


You had 6 spell levels left.
You didn't know any spells.

Dungeon Overview and Level Annotations

Branches:
Dungeon (4/15)
 Temple: D:4-7

Altars:
Ru
Vehumet

Annotations:
D:4 Duvessa


Innate Abilities, Weirdness & Mutations

Your body is rotting away.
You thrive on raw meat.
You are immune to poison.
You have sharp fingernails.
You are carnivorous and can eat meat at any time.
Your flesh is cold resistant. (rC+)
You are immune to negative energy. (rN+++)
You do not regenerate when monsters are visible.
You are immune to unholy pain and torment.
You can survive without breathing.


Message History

You now have 219 gold pieces (gained 7).
Duvessa, Sister of Dowan comes into view.
She is wielding a short sword of electrocution.
Duvessa shouts!
Duvessa goes berserk!
Duvessa moves out of view.
You hear a shout!
You hear a shout!
Duvessa rages.
You hear a shout!
You hear a shout! x2
Okay, then.
You aren't carrying any items that you can evoke.
You hit Duvessa.
Duvessa is lightly wounded.
Duvessa hits you but does no damage.
You are electrocuted!
You hit Duvessa.
Duvessa is lightly wounded.
Duvessa hits you with a short sword of electrocution.
You are electrocuted!
Duvessa hits you but does no damage.
You are electrocuted!
You die...

#...#......# ..
#.#.#.....## .
#.........## .
###........########
#.
##.#.##.##.......
#.##
#.#.##.##.......
...
#.#)##...<......
#.##e#)####........
#.@#...#<..........
##.e.(.......##.#.#
###..##.........
#..#...........
#....##....###..
..#.......... .
.#.##.##.#..#..
..#.##.##.#..... ..
# ..


You could see Duvessa (berserk).

Vanquished Creatures
  Sigmund (D:3)
  Dowan (D:4)
  A howler monkey (D:4)
  An orc priest (D:4)
  A centaur skeleton (D:4)
  2 orc wizards
  Natasha (D:2)
  An ooze (D:1)
  A worm (D:3)
  A dart slug (D:2)
  2 leopard geckos
  5 orcs
  3 bats
  A giant cockroach (D:1)
  8 goblins
  7 hobgoblins
  2 jackals (D:2)
  7 kobolds
  2 quokkas
  2 ball pythons
  5 frilled lizards
  5 rats
60 creatures vanquished.

Notes
Turn   | Place    | Note
-------+----------+-------------------------------------------
     0 | D:1      | Rrauwl the Ghoul Fighter began the quest for the Orb.
     0 | D:1      | Reached XP level 1. HP: 19/19 MP: 0/0
   117 | D:1      | Reached XP level 2. HP: 21/26 MP: 1/1
   420 | D:2      | Reached XP level 3. HP: 31/31 MP: 2/2
   457 | D:2      | Found a sacrificial altar of Ru.
   563 | D:2      | Reached skill level 1 in Dodging
   644 | D:2      | Noticed Natasha
   651 | D:2      | Killed Natasha
   651 | D:2      | Reached XP level 4. HP: 24/40 MP: 3/3
  1099 | D:3      | Noticed Sigmund
  1112 | D:3      | Killed Sigmund
  1112 | D:3      | Reached skill level 4 in Fighting
  1112 | D:3      | Reached XP level 5. HP: 44/47 MP: 4/4
  1127 | D:3      | Found a sacrificial altar of Ru.
  1131 | D:3      | Reached XP level 6. HP: 52/53 MP: 5/5
  1338 | D:3      | Found a radiant altar of Vehumet.
  1614 | D:4      | Noticed Dowan
  1624 | D:4      | HP: 2/55 [howler monkey (5)]
  1627 | D:4      | Reached skill level 5 in Fighting
  1641 | D:4      | Killed Dowan
  1646 | D:4      | Reached XP level 7. HP: 25/61 MP: 6/6
  1680 | D:4      | Noticed Duvessa
  1692 | D:4      | Slain by Duvessa

Vault maps used:
D:1:      saegor_arrival_miasma
D:2:      old_standard_altar, st_stairs_5, minmay_hedge_maze, uniq_natasha
D:3:      vehumet_crystals, nicolae_ru_great_annihilating_truth, uniq_sigmund
D:4:      gammafunk_temple_overflow_elements,
          minmay_temple_entry_enclosed_plants, uniq_duvessa

Skill      XL: |  1  2  3  4  5  6 |
---------------+-------------------+-----
Maces & Flails | 2 3 |  3.8
Armour         | 3 |  3.0
Dodging        | 1 2 3 |  3.1
Shields        | 3 |  3.1
Fighting       | 4 5 |  5.3

Action                   |  1- 3 |  4- 6 |  7- 9 || total
-------------------------+-------+-------+-------++-------
Melee: Flail             |   112 |   119 |     2 ||   233
  Use: Potion            |       |     7 |       ||     7
  Eat: Chunk             |     3 |     4 |     3 ||    10
Armor: Scale mail        |    45 |     1 |       ||    46
       Chain mail        |       |    72 |     2 ||    74
Dodge: Dodged            |    36 |    42 |       ||    78
Block: Shield            |    50 |    51 |       ||   101
